PAA
PHOENIX HOTSPUR YOUTH @ NORTHVILLE ECLIPSE
07/09/2029
 
TOP OF THE 1ST
Phoenix Hotspur Youth batting - Pitching for Northville Eclipse : RHP Ramiro Salazar
Pitching: RHP Ramiro Salazar
Batting: LHB António Escalante 0-0: Ball
1-0: Ball
2-0: Ball
3-0: Called Strike
3-1: Foul Ball, location: 2F
3-2: Base on Balls
Batting: RHB Francisco Arriagada 0-0: Grounds into double play, 6-4-3 (Groundball, 6)
Batting: RHB Solomon Norment 0-0: Foul Ball, location: 2F
0-1: SINGLE (Line Drive, 3D)
Batting: LHB Corey Ferguson 0-0: DOUBLE (Flyball, 8RXD)
Solomon Norment to third
Batting: RHB Carl Tucker 0-0: Ball
1-0: Foul Ball, location: 2F
1-1: SINGLE (Groundball, 5D)
Solomon Norment scores
Corey Ferguson to third
Runner from 3rd tries for Home, throw and OUT!
Top of the 1st over - 1 run, 3 hits, 0 errors, 1 left on base; Phoenix Hotspur 1 - Northville 0
BOTTOM OF THE 1ST
Northville Eclipse batting - Pitching for Phoenix Hotspur Youth : RHP Morris Prinkey
Pitching: RHP Morris Prinkey
Batting: LHB Darrell Woodmansee 0-0: Called Strike
0-1: Fly out, F3 (Line Drive, 3S)
Batting: LHB Octávio Ontiveros 0-0: Ball
1-0: Ball
2-0: Ground out U3 (Groundball, 34S)
Batting: RHB Cosmo Bjorkenheim 0-0: Ball
1-0: Ball
2-0: Ground out 6-3 (Groundball, 6)
Bottom of the 1st over - 0 runs, 0 hits, 0 errors, 0 left on base; Phoenix Hotspur 1 - Northville 0
TOP OF THE 2ND
Phoenix Hotspur Youth batting - Pitching for Northville Eclipse : RHP Ramiro Salazar
Batting: RHB Bernardo Rivera 0-0: Foul Ball, location: 2F
0-1: Ball
1-1: Foul Ball, location: 2F
1-2: Ball
2-2: Ground out 5-3 (Groundball, 56S)
Batting: RHB Eric Conway 0-0: Foul Ball, location: 2F
0-1: Ball
1-1: SINGLE (Groundball, 34D)
Batting: SHB Huey Wood 0-0: Ball
1-0: SINGLE (Groundball, 34) (infield hit)
Eric Conway to second
Batting: RHB Juan Rivera 0-0: Ball
1-0: Ball
2-0: Called Strike
2-1: Ball
3-1: Grounds into double play, 2-4-3 (Groundball, 2L)
Top of the 2nd over - 0 runs, 2 hits, 0 errors, 1 left on base; Phoenix Hotspur 1 - Northville 0
BOTTOM OF THE 2ND
Northville Eclipse batting - Pitching for Phoenix Hotspur Youth : RHP Morris Prinkey
Batting: LHB Edgardo De Jesús 0-0: Ball
1-0: Ball
2-0: Foul Ball, location: 2F
2-1: Called Strike
2-2: Ball
3-2: Strikes out swinging
Batting: RHB Augusto Rocha 0-0: Called Strike
0-1: Foul Ball, location: 2F
0-2: Fly out, F7 (Flyball, 7S)
Batting: RHB Alfonso Grappasonni 0-0: Ground out 3-1 (Groundball, 34)
Bottom of the 2nd over - 0 runs, 0 hits, 0 errors, 0 left on base; Phoenix Hotspur 1 - Northville 0
TOP OF THE 3RD
Phoenix Hotspur Youth batting - Pitching for Northville Eclipse : RHP Ramiro Salazar
Batting: LHB António Escalante 0-0: Ball
1-0: Ball
2-0: Ball
3-0: Called Strike
3-1: Called Strike
3-2: Foul Ball, location: 2F
3-2: Foul Ball, location: 2F
3-2: Base on Balls
Batting: RHB Francisco Arriagada Pickoff Throw to First - Error! E1
António Escalante to second
0-0: Called Strike
0-1: Fly out, F7 (Flyball, 7)
Batting: RHB Solomon Norment 0-0: Ball
1-0: Swinging Strike
1-1: Swinging Strike
1-2: Ball
2-2: Foul Ball, location: 2F
2-2: Foul Ball, location: 2F
2-2: Fly out, F6 (Line Drive, 6)
Batting: LHB Corey Ferguson 0-0: SINGLE (Groundball, 34D)
António Escalante to third
Runner from 3rd tries for Home, SAFE, no throw
Batting: RHB Carl Tucker 0-0: Ball
Wild Pitch!
Corey Ferguson to second
1-0: SINGLE (Flyball, 89S)
Corey Ferguson to third
Runner from 3rd tries for Home, SAFE, throw made home
Batting: RHB Bernardo Rivera 0-0: Foul Ball, location: 2F
0-1: Ball
1-1: Foul Ball, location: 2F
1-2: Ball
2-2: Ball
3-2: Ground out 5-3 (Groundball, 5)
Top of the 3rd over - 2 runs, 2 hits, 1 error, 1 left on base; Phoenix Hotspur 3 - Northville 0
BOTTOM OF THE 3RD
Northville Eclipse batting - Pitching for Phoenix Hotspur Youth : RHP Morris Prinkey
Batting: RHB Luis Guerrero 0-0: Ball
1-0: Called Strike
1-1: Ball
2-1: SINGLE (Groundball, 6MD)
Batting: RHB Luis Hernández 0-0: Ball
1-0: Fly out, F3 (Popup, 34)
Batting: SHB Raúl Rodríguez 0-0: Ball
1-0: Ball
2-0: Called Strike
2-1: Foul Ball, location: 2F
2-2: Ball
3-2: Foul Ball, location: 2F
3-2: Foul Ball, location: 2F
3-2: Base on Balls
Luis Guerrero to second
Batting: LHB Darrell Woodmansee 0-0: Ball
1-0: Swinging Strike
1-1: Ball
2-1: Called Strike
2-2: Foul Ball, location: 2F
2-2: Ball
3-2: Base on Balls
Luis Guerrero to third
Raúl Rodríguez to second
Batting: LHB Octávio Ontiveros 0-0: Foul Ball, location: 2F
0-1: DOUBLE (Line Drive, 78M)
Luis Guerrero scores
Raúl Rodríguez scores
Darrell Woodmansee to third
Runner from 3rd tries for Home, SAFE, no throw
Batting: RHB Cosmo Bjorkenheim 0-0: Called Strike
0-1: Foul Ball, location: 2F
0-2: Ball
1-2: Ball
2-2: Ball
3-2: Foul Ball, location: 2F
3-2: SINGLE (Line Drive, 7S)
Octávio Ontiveros to third
Batting: LHB Edgardo De Jesús 0-0: Ball
1-0: Called Strike
1-1: Ball
2-1: Called Strike
2-2: Ball
3-2: Foul Ball, location: 2F
3-2: Base on Balls
Cosmo Bjorkenheim to second
Batting: RHB Augusto Rocha 0-0: Ball
1-0: Ball
2-0: Foul Ball, location: 2F
2-1: Foul Ball, location: 2F
2-2: Ball
3-2: Foul Ball, location: 2F
3-2: Strikes out swinging
Batting: RHB Alfonso Grappasonni 0-0: Fly out, F3 (Line Drive, 34)
Bottom of the 3rd over - 3 runs, 3 hits, 0 errors, 3 left on base; Phoenix Hotspur 3 - Northville 3
TOP OF THE 4TH
Phoenix Hotspur Youth batting - Pitching for Northville Eclipse : RHP Ramiro Salazar
Batting: RHB Eric Conway 0-0: Foul Ball, location: 2F
0-1: Foul Ball, location: 2F
0-2: Ball
1-2: Ground out 5-3 (Groundball, 56)
Batting: SHB Huey Wood 0-0: Ball
1-0: Ball
2-0: Called Strike
2-1: Ball
3-1: Base on Balls
Batting: RHB Juan Rivera 0-0: Foul Ball, location: 2F
0-1: Foul Ball, location: 2F
0-2: Ball
1-2: Foul Ball, location: 2F
1-2: Ground out 5-3 (Groundball, 56S)
Huey Wood to second
Batting: LHB António Escalante 0-0: Swinging Strike
0-1: Ball
1-1: Foul Ball, location: 2F
1-2: SINGLE (Groundball, 4S) (infield hit)
Huey Wood to third
Batting: RHB Francisco Arriagada 0-0: Fly out, F3 (Popup, 34S)
Top of the 4th over - 0 runs, 1 hit, 0 errors, 2 left on base; Phoenix Hotspur 3 - Northville 3
BOTTOM OF THE 4TH
Northville Eclipse batting - Pitching for Phoenix Hotspur Youth : RHP Morris Prinkey
Batting: RHB Luis Guerrero 0-0: Called Strike
0-1: Ball
1-1: Foul Ball, location: 2F
1-2: Ball
2-2: Ground out 4-3 (Groundball, 34)
Batting: RHB Luis Hernández 0-0: Called Strike
0-1: Ball
1-1: Swinging Strike
1-2: Ball
2-2: Strikes out swinging
Batting: SHB Raúl Rodríguez 0-0: Ball
1-0: Fly out, F9 (Flyball, 9S)
Bottom of the 4th over - 0 runs, 0 hits, 0 errors, 0 left on base; Phoenix Hotspur 3 - Northville 3
TOP OF THE 5TH
Phoenix Hotspur Youth batting - Pitching for Northville Eclipse : RHP Ramiro Salazar
Batting: RHB Solomon Norment 0-0: Foul Ball, location: 2F
0-1: Swinging Strike
0-2: Ball
1-2: Ground out 6-3 (Groundball, 6)
Batting: LHB Corey Ferguson 0-0: Called Strike
0-1: Swinging Strike
0-2: Ball
1-2: Ball
2-2: SINGLE (Groundball, 34S) (infield hit)
Pitching: LHP Ramiro García
Batting: RHB Carl Tucker 0-0: Ball
1-0: Ball
2-0: Called Strike
2-1: Fly out, F7 (Flyball, 7D)
Batting: RHB Bernardo Rivera 0-0: Ball
1-0: SINGLE (Line Drive, 6MD)
Corey Ferguson to second
Runner from 2nd tries for 3rd, SAFE, no throw
Batting: RHB Eric Conway 0-0: Called Strike
0-1: 3-RUN HOME RUN (Line Drive, 7D), Distance : 407 ft
Batting: SHB Huey Wood 0-0: Ball
1-0: Ball
2-0: Called Strike
2-1: Called Strike
2-2: Foul Ball, location: 2F
2-2: Strikes out swinging
Top of the 5th over - 3 runs, 3 hits, 0 errors, 0 left on base; Phoenix Hotspur 6 - Northville 3
BOTTOM OF THE 5TH
Northville Eclipse batting - Pitching for Phoenix Hotspur Youth : RHP Morris Prinkey
Batting: LHB Darrell Woodmansee 0-0: Ground out 1-3 (Groundball, P)
Batting: LHB Octávio Ontiveros 0-0: Called Strike
0-1: Ball
1-1: Ball
2-1: Foul Ball, location: 2F
2-2: Ball
3-2: SINGLE (Line Drive, 9S)
Batting: RHB Cosmo Bjorkenheim 0-0: Ball
1-0: Foul Ball, location: 2F
1-1: Fly out, F7 (Line Drive, 7)
Batting: LHB Edgardo De Jesús 0-0: Called Strike
Octávio Ontiveros is caught stealing 2nd base
Bottom of the 5th over - 0 runs, 1 hit, 0 errors, 0 left on base; Phoenix Hotspur 6 - Northville 3
TOP OF THE 6TH
Phoenix Hotspur Youth batting - Pitching for Northville Eclipse : LHP Ramiro García
Batting: RHB Juan Rivera 0-0: Called Strike
0-1: Called Strike
0-2: SINGLE (Groundball, 34D)
Batting: LHB António Escalante 0-0: Called Strike
0-1: Ball
1-1: Foul Ball, location: 2F
1-2: Ball
2-2: Fly out, F9 (Flyball, 9S)
Batting: RHB Francisco Arriagada 0-0: Ball
1-0: Called Strike
1-1: Swinging Strike
1-2: Ball
2-2: Ball
3-2: Strikes out swinging
Batting: RHB Solomon Norment 0-0: Called Strike
0-1: Ball
1-1: Ball
2-1: Called Strike
2-2: Strikes out swinging
Top of the 6th over - 0 runs, 1 hit, 0 errors, 1 left on base; Phoenix Hotspur 6 - Northville 3
BOTTOM OF THE 6TH
Northville Eclipse batting - Pitching for Phoenix Hotspur Youth : RHP Morris Prinkey
Batting: LHB Edgardo De Jesús 0-0: Ball
1-0: SINGLE (Line Drive, 9S)
Batting: RHB Augusto Rocha 0-0: SINGLE (Flyball, 9S)
Edgardo De Jesús to second
Runner from 2nd tries for 3rd, SAFE, no throw
Batting: RHB Alfonso Grappasonni 0-0: Ball
1-0: SINGLE (Groundball, 56)
Edgardo De Jesús scores
Augusto Rocha to second
Batting: RHB Luis Guerrero 0-0: Bunted foul
0-1: Sac Bunt - play at first, batter OUT! 2-4
Augusto Rocha to third
Alfonso Grappasonni to second
Batting: RHB Luis Hernández 0-0: Foul Ball, location: 2F
0-1: SINGLE (Groundball, 56D)
Augusto Rocha scores
Alfonso Grappasonni to third
Runner from 3rd tries for Home, SAFE, no throw
Pitching: RHP Vernon Turner
Batting: SHB Raúl Rodríguez 0-0: Ball
1-0: Swinging Strike
1-1: Fly out, F8 (Flyball, 8LM)
Batting: LHB Darrell Woodmansee 0-0: SINGLE (Groundball, 6MD)
Luis Hernández to second
Runner from 2nd tries for 3rd, SAFE, no throw
Batting: LHB Octávio Ontiveros 0-0: DOUBLE (Line Drive, 5D)
Luis Hernández scores
Darrell Woodmansee to third
Runner from 3rd tries for Home, SAFE, no throw
Batting: RHB Cosmo Bjorkenheim 0-0: Ball
1-0: Foul Ball, location: 2F
1-1: DOUBLE (Flyball, 78D)
Octávio Ontiveros scores
Pitching: RHP Ty McDaniel
Batting: LHB Edgardo De Jesús 0-0: Called Strike
0-1: Ground out 6-3 (Groundball, 6)
Bottom of the 6th over - 6 runs, 7 hits, 0 errors, 1 left on base; Phoenix Hotspur 6 - Northville 9
TOP OF THE 7TH
Phoenix Hotspur Youth batting - Pitching for Northville Eclipse : LHP Ramiro García
Batting: LHB Corey Ferguson 0-0: Ball
1-0: Called Strike
1-1: Called Strike
1-2: Ground out U3 (Groundball, 3)
Batting: RHB Carl Tucker 0-0: Foul Ball, location: 2F
0-1: Foul Ball, location: 2F
0-2: Foul Ball, location: 2F
0-2: Ball
1-2: Foul Ball, location: 2F
1-2: Foul Ball, location: 2F
1-2: Ball
2-2: Ball
3-2: Foul Ball, location: 2F
3-2: Base on Balls
Batting: RHB Bernardo Rivera 0-0: Fly out, F9 (Flyball, 9S)
Batting: RHB Eric Conway 0-0: Foul Ball, location: 2F
0-1: Fly out, F8 (Flyball, 8RS)
Top of the 7th over - 0 runs, 0 hits, 0 errors, 1 left on base; Phoenix Hotspur 6 - Northville 9
BOTTOM OF THE 7TH
Northville Eclipse batting - Pitching for Phoenix Hotspur Youth : RHP Ty McDaniel
Batting: RHB Augusto Rocha 0-0: Ball
1-0: Ball
2-0: Called Strike
2-1: Foul Ball, location: 2F
2-2: Ball
3-2: Fly out, F7 (Flyball, 7LS)
Batting: RHB Alfonso Grappasonni 0-0: Ball
1-0: Called Strike
1-1: Ground out 6-3 (Groundball, 6)
Batting: RHB Luis Guerrero 0-0: Swinging Strike
0-1: Ball
1-1: Ball
2-1: Ground out U3 (Groundball, 34)
Bottom of the 7th over - 0 runs, 0 hits, 0 errors, 0 left on base; Phoenix Hotspur 6 - Northville 9
TOP OF THE 8TH
Phoenix Hotspur Youth batting - Pitching for Northville Eclipse : LHP Ramiro García
Batting: SHB Huey Wood 0-0: Foul Ball, location: 2F
0-1: Ball
1-1: Ball
2-1: Foul Ball, location: 2F
2-2: Foul Ball, location: 2F
2-2: Foul Ball, location: 2F
2-2: Strikes out looking
Batting: RHB Juan Rivera 0-0: Ball
1-0: SINGLE (Flyball, 89S)
Batting: LHB António Escalante 0-0: Ball
1-0: Ball
2-0: Called Strike
2-1: Ball
3-1: Base on Balls
Juan Rivera to second
Pitching: RHP Cisco Andr
Batting: RHB Francisco Arriagada 0-0: SINGLE (Flyball, 78M)
Juan Rivera to third
António Escalante to second
Runner from 3rd tries for Home, SAFE, no throw
Batting: RHB Solomon Norment 0-0: Foul Ball, location: 2F
0-1: Ball
1-1: Foul Ball, location: 2F
1-2: Foul Ball, location: 2F
1-2: Foul Ball, location: 2F
1-2: Grounds into double play, 3-6-3 (Groundball, 34)
Top of the 8th over - 1 run, 2 hits, 0 errors, 1 left on base; Phoenix Hotspur 7 - Northville 9
BOTTOM OF THE 8TH
Northville Eclipse batting - Pitching for Phoenix Hotspur Youth : RHP Ty McDaniel
Batting: RHB Luis Hernández 0-0: Ball
1-0: Called Strike
1-1: Ball
2-1: Swinging Strike
2-2: Strikes out swinging, 2-3 out at first.
Batting: SHB Raúl Rodríguez 0-0: Called Strike
0-1: Ground out 5-3 (Groundball, 56S)
Batting: LHB Darrell Woodmansee 0-0: Called Strike
0-1: Swinging Strike
0-2: Strikes out swinging
Bottom of the 8th over - 0 runs, 0 hits, 0 errors, 0 left on base; Phoenix Hotspur 7 - Northville 9
TOP OF THE 9TH
Phoenix Hotspur Youth batting - Pitching for Northville Eclipse : RHP Cisco Andr
Pitching: RHP Javier Luna
Batting: LHB Corey Ferguson 0-0: Called Strike
0-1: Fly out, F7 (Flyball, 78D)
Batting: RHB Carl Tucker 0-0: Ball
1-0: Ball
2-0: Called Strike
2-1: Swinging Strike
2-2: Strikes out swinging
Batting: RHB Bernardo Rivera 0-0: Fly out, F9 (Flyball, 9D)
Top of the 9th over - 0 runs, 0 hits, 0 errors, 0 left on base; Phoenix Hotspur 7 - Northville 9
Tuesday, December 19th, 2017 - OOTP Baseball 18.8 Build 76